 Dungeon Crawl Stone Soup version 0.21.1-1-g345015fe64 (webtiles) character file.

4739 Marvel the Reanimator (level 10, -10/80 HPs)
             Began as a Deep Dwarf Necromancer on Feb 15, 2018.
             Was a Priest of Yredelemnul.
             Mangled by a two-headed ogre
             ... wielding a +0 giant club
              (18 damage)
             ... on level 8 of the Dungeon on Feb 16, 2018.
             The game lasted 00:51:27 (7507 turns).

Marvel the Reanimator (Deep Dwarf Necromancer)      Turns: 7507, Time: 00:51:41

Health: -10/80     AC: 17    Str: 11    XL:     10   Next: 22%
Magic:  15/30      EV: 12    Int: 20    God:    Yredelemnul [***...]
Gold:   317        SH:  0    Dex: 13    Spells: 15/24 levels left

rFire    . . .     SeeInvis .   E - +0 battleaxe
rCold    . . .     Gourm    .   (shield currently unavailable)
rNeg     . . .     Faith    .   j - quicksilver dragon scales
rPois    .         Spirit   .   u - +1 helmet
rElec    .         Reflect  .   (no cloak)
rCorr    .         Harm     .   h - +2 pair of gloves
MR       +++..                  (no boots)
Stlth    ++........             (no amulet)
HPRegen  0.00/turn              m - ring of magical power
MPRegen  0.22/turn              (no ring)

@: non-regenerating
A: damage resistance, heal wounds, molten scales 1, blurry vision 1, magic
resistance 1, sense surroundings 2, wild magic 1, no regeneration
a: Heal Wounds, Recall Undead Slaves, Injury Mirror, Animate Dead, Renounce
Religion


You were on level 8 of the Dungeon.
You worshipped Yredelemnul.
Yredelemnul was most pleased with you.
You were not hungry.

You visited 2 branches of the dungeon, and saw 9 of its levels.

You collected 317 gold pieces.

Inventory:

Hand Weapons
 i - a +1 dagger of draining
 t - a +2 antimagic trident
 y - a cursed -3 rapier
 E - a +0 battleaxe (weapon)
Missiles
 d - 30 poisoned needles
 o - 163 arrows
 x - 6 curare-tipped needles
Armour
 a - a +0 robe
 h - a +2 pair of gloves (worn)
 j - quicksilver dragon scales (worn)
 u - a +1 helmet (worn)
Jewellery
 m - a ring of magical power (left hand)
Wands
 g - a wand of acid (11)
 w - a wand of enslavement (13)
 C - a wand of polymorph (15)
Scrolls
 e - 7 scrolls of identify
 f - 4 scrolls of remove curse
 l - 3 scrolls of amnesia
 q - 2 scrolls of enchant armour
 r - a scroll of teleportation
Potions
 k - 2 potions of might {unknown}
 n - a potion of heal wounds {unknown}
 p - a potion of degeneration {unknown}
 s - a potion of magic {unknown}
 v - 2 potions of curing
 z - a potion of brilliance {unknown}
 A - a potion of flight {unknown}
 B - 2 potions of haste
Books
 b - a book of Necromancy

   Spells                             Type                      Level
   a - Pain                           Necromancy                   1
   b - Animate Skeleton               Necromancy                   1
   c - Vampiric Draining              Necromancy                   3
   d - Regeneration                   Charms/Necromancy            3
   e - Animate Dead                   Necromancy                   4
   f - Borgnjor's Vile Clutch         Necromancy/Earth             5
Comestibles
 c - 12 rations


   Skills:
 + Level 2.3 Fighting
 + Level 3.8 Short Blades
 + Level 2.6 Axes
 + Level 3.5 Armour
 + Level 5.0 Dodging
 + Level 4.1 Stealth
 - Level 0.1 Unarmed Combat
 + Level 7.7 Spellcasting
 + Level 10.3 Necromancy
 + Level 1.2 Invocations


You had 15 spell levels left.
You knew the following spells:

 Your Spells              Type           Power        Failure   Level  Hunger
a - Pain                  Necr           ####         1%          1    None
b - Borgnjor's Vile Clut  Necr/Erth      #####.....   63%         5    #####..
c - Vampiric Draining     Necr           ######....   1%          3    None


Dungeon Overview and Level Annotations

Branches:
Dungeon (8/15)             Temple (1/1) D:4
   Lair: D:8-11

Altars:
Cheibriados
Dithmenos
Elyvilon
Fedhas
Gozag
Hepliaklqana
Kikubaaqudgha
Makhleb
Nemelex Xobeh
Okawaru
Qazlal
Ru
Trog
Uskayaw
Wu Jian
Xom
Yredelemnul
Zin
The Shining One

Annotations:
D:4 exclusion: orc wizard
D:5 Eustachio; Thargor's ghost, novice HOFi
D:7 Prince Ribbit


Innate Abilities, Weirdness & Mutations

You are resistant to damage.
You can heal yourself by infusing magical energy.
You passively map the area around you.
You do not regenerate.
You are partially covered in molten scales. (AC +2)
Scrolls take you a little longer to read.
You are resistant to hostile enchantments. (MR+)
Your spells are a little harder to cast, but a little more powerful.


Message History

The two-headed ogre barely misses you.
Casting: Vampiric Draining
Confirm with . or Enter, or press ? or * to list all spells.
Aiming: Vampiric Draining
Press: ? - help, Shift-Dir - straight line, f/p - two-headed ogre
Aim: a two-headed ogre, wielding two giant clubs (moderately wounded)
The two-headed ogre is heavily wounded.
You feel life coursing into your body.
Casting: Vampiric Draining
Confirm with . or Enter, or press ? or * to list all spells.
Aiming: Vampiric Draining
Press: ? - help, Shift-Dir - straight line, f/p - two-headed ogre
Aim: a two-headed ogre, wielding two giant clubs (heavily wounded)
The two-headed ogre is severely wounded.
You feel life coursing into your body.
The two-headed ogre hits you with a giant club!!
* * * LOW HITPOINT WARNING * * *
The two-headed ogre hits you with a giant club!!
You die...
Your body rises from the dead as a mindless zombie.

, * ,#.# * *
#....... * #.#.#
*#####... #.#.# ,
, #.... #.#.#
##### #..## #.#.#
...# #.... #.#.#
###.##.#....
#.#.#,#...†..#....
#O#.# #.#.####.###
#@#.#, #.........
#.#.# #...####)###
#.#.# ###.# #....
####.#†# #.# #####
#....#†# #.#
#.####.#, ,..#
#.#..#.#########
#....#.........#
###.##.........##


You could see a two-headed ogre.

Vanquished Creatures
  4 two-headed ogres
  A hippogriff (D:8)
  Sigmund (D:2)
  An ice beast (D:8)
  3 ogres
  5 centaurs
  A big kobold (D:8)
  2 bullfrogs (D:6)
  A scorpion (D:4)
  6 killer bees
  2 hounds
  2 jellies (D:8)
  3 orc priests
  An orc wizard (D:7)
  2 bullfrog skeletons
  Jessica (D:3)
  5 worker ants
  3 iguanas
  3 gnolls (D:7)
  7 adders
  A shadow imp (D:6)
  An ooze (D:1)
  2 adder skeletons
  5 worms
  2 dart slugs
  5 leopard geckos
  15 orcs
  7 bats
  21 giant cockroaches
  10 goblins
  2 hobgoblins
  7 jackals
  13 kobolds
  6 quokkas
  A ball python (D:4)
  5 frilled lizards
  A quokka skeleton (D:4)
  8 rats
  A spectral orc (D:2)
167 creatures vanquished.

Vanquished Creatures (collateral kills)
  A phantom (D:7)
  An ooze (D:5)
  An orc (D:3)
  3 jackals (D:5)
  A kobold (D:1)
7 creatures vanquished.

Vanquished Creatures (others)
  An ogre zombie (D:5)
  2 leopard gecko zombies (D:7)
  A quokka zombie (D:8)
4 creatures vanquished.

Grand Total: 178 creatures vanquished

Notes
Turn   | Place    | Note
-------+----------+-------------------------------------------
     0 | D:1      | Marvel the Deep Dwarf Necromancer began the quest for the Orb.
     0 | D:1      | Reached XP level 1. HP: 15/15 MP: 3/3
   187 | D:1      | Reached XP level 2. HP: 19/22 MP: 0/4
   638 | D:1      | Learned a level 1 spell: Animate Skeleton
   663 | D:1      | Reached skill level 5 in Necromancy
   911 | D:1      | Reached XP level 3. HP: 16/28 MP: 4/6
   919 | D:1      | Learned a level 3 spell: Vampiric Draining
  1328 | D:2      | Noticed a centaur
  1338 | D:2      | Killed a centaur
  1338 | D:2      | Reached XP level 4. HP: 18/36 MP: 0/8
  1762 | D:2      | Reached XP level 5. HP: 33/42 MP: 2/9
  1893 | D:2      | Noticed Sigmund
  1908 | D:2      | Killed Sigmund
  1908 | D:2      | Reached skill level 1 in Short Blades
  1908 | D:2      | Reached skill level 6 in Necromancy
  1908 | D:2      | Reached XP level 6. HP: 49/49 MP: 2/11
  2149 | D:2      | Found a bloodstained altar of Trog.
  2516 | D:2      | Found a basalt altar of Yredelemnul.
  2549 | D:2      | Became a worshipper of Yredelemnul the Dark
  2690 | D:3      | Noticed Jessica
  3454 | D:3      | Gained mutation: Scrolls take you a little longer to read. [potion of mutation]
  3454 | D:3      | Gained mutation: Your spells are a little harder to cast, but a little more powerful. [potion of mutation]
  3454 | D:3      | Gained mutation: You are partially covered in molten scales. (AC +2) [potion of mutation]
  3454 | D:3      | Gained mutation: You are resistant to hostile enchantments. (MR+) [potion of mutation]
  3575 | D:3      | Killed Jessica
  3767 | D:4      | Found a staircase to the Ecumenical Temple.
  3782 | Temple   | Entered the Ecumenical Temple
  3913 | D:4      | Reached XP level 7. HP: 51/55 MP: 11/13
  4260 | D:4      | Found a snail-covered altar of Cheibriados.
  4289 | D:5      | Entered Level 5 of the Dungeon
  4290 | D:5      | Found an iron altar of Okawaru.
  4292 | D:5      | Found a burning altar of Makhleb.
  4300 | D:5      | Reached * piety under Yredelemnul
  4337 | D:5      | Reached skill level 7 in Necromancy
  4512 | D:5      | Found a stormy altar of Qazlal.
  4593 | D:5      | Noticed Thargor's ghost (novice HOFi)
  4784 | D:5      | Reached skill level 5 in Spellcasting
  4855 | D:5      | Noticed a two-headed ogre
  4880 | D:5      | Killed a two-headed ogre
  4880 | D:5      | Reached skill level 8 in Necromancy
  4880 | D:5      | Reached XP level 8. HP: 16/62 MP: 0/16
  5047 | D:5      | Noticed Eustachio
  5458 | D:6      | Reached skill level 1 in Armour
  5598 | D:6      | Learned a level 5 spell: Borgnjor's Vile Clutch
  5644 | D:6      | Found an ancient bone altar of Kikubaaqudgha.
  6237 | D:6      | Reached ** piety under Yredelemnul
  6257 | D:6      | Reached skill level 9 in Necromancy
  6599 | D:7      | Gained mutation: You passively map the area around you. [Deep Dwarf growth]
  6599 | D:7      | Reached XP level 9. HP: 62/68 MP: 18/18
  6725 | D:7      | Reached skill level 1 in Invocations
  6747 | D:8      | Noticed Prince Ribbit
  6885 | D:8      | Noticed a two-headed ogre
  6899 | D:8      | Killed a two-headed ogre
  6899 | D:8      | Reached skill level 1 in Fighting
  7192 | D:8      | Noticed a two-headed ogre
  7201 | D:8      | Killed a two-headed ogre
  7201 | D:8      | Reached skill level 10 in Necromancy
  7201 | D:8      | Reached XP level 10. HP: 67/80 MP: 1/21
  7422 | D:8      | Noticed a two-headed ogre
  7434 | D:8      | Killed a two-headed ogre
  7434 | D:8      | Reached *** piety under Yredelemnul
  7434 | D:8      | Reached skill level 5 in Dodging
  7498 | D:8      | Noticed a two-headed ogre
  7507 | D:8      | Mangled by a two-headed ogre

Skill      XL: |  1  2  3  4  5  6  7  8  9 10 |
---------------+-------------------------------+-----
Necromancy     | 5 6 8 9 10 | 10.3
Spellcasting   | 2 3 4 5 6 7 |  7.7
Short Blades   | 1 2 3 |  3.8
Stealth        | 3 4 |  4.1
Dodging        | 3 4 5 |  5.0
Armour         | 2 3 |  3.5
Invocations    | 1 |  1.2
Fighting       | 2 |  2.3
Axes           | 2 |  2.6
Unarmed Combat | |  0.1

Action                   |  1- 3 |  4- 6 |  7- 9 | 10-12 || total
-------------------------+-------+-------+-------+-------++-------
Melee: Unarmed           |    42 |       |       |       ||    42
       Dagger            |    16 |    80 |   272 |       ||   368
       Battleaxe         |       |       |       |    30 ||    30
 Cast: Pain              |    26 |    43 |    62 |     7 ||   138
       Animate Skeleton  |     2 |     4 |       |       ||     6
       Vampiric Draining |     7 |    29 |    54 |    13 ||   103
Invok: Animate Remains   |       |       |     3 |     1 ||     4
  Use: Potion            |       |     7 |     2 |       ||     9
       Scroll            |       |     5 |     2 |     4 ||    11
 Stab: Sleeping          |     2 |     1 |     2 |       ||     5
       Distracted        |       |       |     2 |       ||     2
  Eat: Chunk             |     3 |    10 |     8 |       ||    21
       Ration            |       |       |     2 |       ||     2
Armor: Robe              |    13 |    27 |     4 |       ||    44
       Skin              |       |     3 |       |       ||     3
       Quicksilver drago |       |       |   170 |    33 ||   203
Dodge: Dodged            |    50 |    58 |   217 |    35 ||   360
